 Dungeon Crawl Stone Soup version 0.25-a0-565-g8875c97 (webtiles) character file.

Game seed: 3245010317582258634, levelgen mode: deterministic

5667 Anathematize the Grappler (level 10, -1/81 HPs)
             Began as a Demonspawn Transmuter on Feb 26, 2020.
             Was a Priest of Makhleb.
             Slain by a warg (8 damage)
             ... on level 9 of the Dungeon.
             The game lasted 00:30:42 (11117 turns).

Anathematize the Grappler (Demonspawn Transmuter)  Turns: 11117, Time: 00:30:43

Health: -1/81      AC: 10    Str: 15    XL:     10   Next: 47%
Magic:  15/15      EV: 10    Int: 14    God:    Makhleb [***...]
Gold:   516        SH:  5    Dex: 13    Spells: 12/13 levels left

rFire    + . .     SeeInvis .     - Unarmed
rCold    + + .     Gourm    .   v - +0 buckler
rNeg     . . .     Faith    .   A - +0 scale mail of the Loofah {+Fly rC+ Regen+} (curse)
rPois    .         Spirit   .   j - +0 helmet
rElec    .         Reflect  .   (no cloak)
rCorr    .         Harm     .   k - +0 pair of gloves
MR       .....                  (no boots)
Stlth    ..........             (no amulet)
HPRegen  0.63/turn              n - ring of protection from fire
MPRegen  0.14/turn              (no ring)

@: about to teleport
A: hooves 1, rugged brown scales 1, cold resistance 1, spiny 1, freezing cloud
immunity
a: Minor Destruction, Lesser Servant of Makhleb, Renounce Religion, Evoke Flight


You were on level 9 of the Dungeon.
You worshipped Makhleb.
Makhleb was most pleased with you.
You were not hungry.

You visited 2 branches of the dungeon, and saw 11 of its levels.

You collected 516 gold pieces.

Inventory:

Missiles
 a - 31 arrows
 i - 12 boomerangs
 p - 23 poisoned darts (quivered)
 w - 2 atropa-tipped darts
Armour
 j - a +0 helmet (worn)
 k - a +0 pair of gloves (worn)
 v - a +0 buckler (worn)
 y - a +0 chain mail
 A - the cursed +0 scale mail of the Loofah (worn) {+Fly rC+ Regen+}
   (You found it on level 5 of the Dungeon)

   It protects you from cold.
   It lets you fly.
   It increases your rate of regeneration.
   If you remove this armour, your AC will decrease by 7 (10 -> 3).
   It has a curse placed upon it.
Jewellery
 h - an uncursed ring of magical power
 n - a ring of protection from fire (left hand)
 z - an uncursed ring of positive energy {unknown}
Wands
 o - a wand of random effects (19)
 u - a wand of acid (10)
 F - a wand of polymorph (9)
 G - a wand of paralysis (1)
Scrolls
 c - a scroll of fog {unknown}
 f - 9 scrolls of teleportation
 l - 2 scrolls of enchant weapon {unknown}
 m - 2 scrolls of remove curse {unknown}
 q - a scroll of enchant armour
 s - 3 scrolls of blinking {unknown}
 B - 5 scrolls of magic mapping
 D - a scroll of silence {unknown}
Potions
 b - 2 potions of brilliance
 e - a potion of magic
 t - a potion of resistance
 x - a potion of cancellation
Comestibles
 d - 20 rations


   Skills:
 + Level 7.1 Fighting
 + Level 5.1 Armour
 - Level 1.7 Dodging
 - Level 4.2 Shields
 * Level 9.8 Unarmed Combat
 - Level 2.0 Spellcasting
 - Level 2.6 Transmutations
 + Level 7.1 Invocations


You had 12 spell levels left.
You knew the following spells:

 Your Spells              Type           Power        Failure   Level  Hunger
a - Beastly Appendage     Tmut           #.....       28%         1    ##.....

Your spell library contained the following spells:

 Spells                   Type           Power        Failure   Level  Hunger
 Sticks to Snakes         Tmut           #.......     38%         2    ###....
 Poisonous Vapours        Pois/Air       #.....       77%         2    ###....
 Spider Form              Tmut/Pois      #.........   82%         3    ####...
 Conjure Flame            Conj/Fire      #.......     94%         3    ####...
 Mephitic Cloud           Conj/Pois/Air  #.......     94%         3    ####...
 Ice Form                 Ice/Tmut       #.......     99%         4    #####..
 Blade Hands              Tmut           #.........   100%        5    ######.
 Freezing Cloud           Conj/Ice/Air   #.........   100%        6    #######
 Ring of Flames           Chrm/Fire      #.........   100%        7    #######


Dungeon Overview and Level Annotations

Branches:
Dungeon (10/15)            Temple (1/1) D:6             Orc (0/2) D:10
   Lair: D:8-11

Altars:
Ashenzari
Cheibriados
Dithmenos
Elyvilon
Fedhas
Gozag
Hepliaklqana
Kikubaaqudgha
Makhleb
Nemelex Xobeh
Okawaru
Qazlal
Ru
Sif Muna
Trog
Uskayaw
Vehumet
Wu Jian
Xom
Yredelemnul
Zin
The Shining One
Lugonu

Shops:
D:4 (

Annotations:
D:6 Grinder
D:7 2 transporters, exclusion: downstairs
D:8 Erica


Innate Abilities, Weirdness & Mutations

You have large cloven feet.
You are partially covered in rugged brown scales. (AC +1, +3% HP)
Your flesh is cold resistant. (rC+)
You are partially covered in sharp spines.
You are immune to freezing clouds.


Message History

Your scale mail of the Loofah prevents you from hitting the warg.
The warg is moderately wounded.
The warg is struck by your spines. The warg bites you!
The warg is struck by your spines. The warg bites you.
All of the chunks of flesh in your inventory have rotted away.
You are too injured to fight recklessly!
You are too injured to fight recklessly!
You hit the warg. Your kick misses the warg.
The warg is heavily wounded.
The warg bites you. The warg is struck by your spines. The warg bites you!
You hit the warg but do no damage. Your kick misses the warg.
The warg is almost dead.
The warg misses you. The warg bites you!
* * * LOW HITPOINT WARNING * * *
Okay, then.
As you read the scroll of teleportation, it crumbles to dust.
You feel strangely unstable. The warg bites you.
* * * LOW HITPOINT WARNING * * *
The warg bites you!
You die...

###.##..##.#........
#.#...##(.##...(..
##...>#..###..##..
#..........)..##..
##......##.#.###.#
##.........#.#####
##.........##..###
#.............##.##
####h@................
#####.#.h#...........##...
#.....(รท##........####....
#........#.........####...
####.(##.>...................
##.###..#.............#####...
#..###...............###......
#....#..............####......
##..........#......##......#..


You could see 2 wargs.

Vanquished Creatures
  Pikel (D:6)
  Joseph (D:9)
  Maggie (D:7)
  A troll (D:9)
  A hippogriff (D:9)
  A wyvern (D:10)
  Menkaure (D:5)
  A warg (D:9)
  Duvessa (D:7)
  A black bear (D:7)
  3 orc warriors
  4 slaves (D:6)
  A phantom (D:6)
  4 ogres
  5 centaurs
  A big kobold (D:7)
  2 bullfrogs (D:8)
  Dowan (D:7)
  2 scorpions (D:7)
  9 killer bees
  9 wights (D:7)
  A howler monkey (D:8)
  A bullfrog zombie (D:9)
  2 crimson imps
  8 hounds
  5 jellies
  8 orc wizards
  2 bullfrog skeletons
  2 centaur skeletons
  A gnoll shaman (D:6)
  2 iguanas
  4 worker ants
  A killer bee zombie (D:7)
  A hound skeleton (D:8)
  A worker ant zombie (D:7)
  Robin (D:1)
  7 gnolls
  5 adders
  2 shadow imps
  3 oozes
  An adder skeleton (D:5)
  4 worms
  2 dart slugs
  9 leopard geckos
  31 orcs
  9 giant cockroaches
  14 hobgoblins
  6 jackals
  2 ball pythons
  9 bats
  5 frilled lizards
  14 goblins
  A jackal skeleton (D:6)
  9 kobolds
  A quokka zombie (D:7)
  10 rats
235 creatures vanquished.

Notes
Turn   | Place    | Note
-------+----------+-------------------------------------------
     0 | D:1      | Anathematize the Demonspawn Transmuter began the quest for
                  | the Orb.
     0 | D:1      | Reached XP level 1. HP: 15/15 MP: 3/3
   643 | D:1      | Gained mutation: You are partially covered in rugged brown
                  | scales. (AC +1, +3% HP) [demonic ancestry]
   643 | D:1      | Reached XP level 2. HP: 14/21 MP: 5/5
   729 | D:1      | Reached skill level 3 in Unarmed Combat
  1188 | D:2      | Gained mutation: Your flesh is cold resistant. (rC+)
                  | [demonic ancestry]
  1188 | D:2      | Reached XP level 3. HP: 22/26 MP: 4/6
  1516 | D:2      | Found a faded altar of an unknown god.
  1715 | D:2      | Noticed Robin
  1822 | D:1      | Reached XP level 4. HP: 26/33 MP: 7/7
  1888 | D:1      | Killed Robin
  2579 | D:2      | Reached skill level 4 in Unarmed Combat
  2787 | D:2      | Gained mutation: You have large cloven feet. [demonic
                  | ancestry]
  2787 | D:2      | Reached XP level 5. HP: 35/40 MP: 8/8
  3699 | D:3      | Reached XP level 6. HP: 36/48 MP: 9/9
  3890 | D:3      | Found a shimmering blue altar of Sif Muna.
  3927 | D:3      | Reached skill level 5 in Unarmed Combat
  4172 | D:4      | Reached skill level 1 in Armour
  4769 | D:4      | Found Ydan's Antique Weapon Shop.
  5288 | D:4      | Reached XP level 7. HP: 54/54 MP: 10/10
  5441 | D:5      | Entered Level 5 of the Dungeon
  5459 | D:5      | Identified the cursed +0 scale mail of the Loofah {+Fly rC+
                  | Regen+} (You found it on level 5 of the Dungeon)
  5587 | D:5      | Noticed Menkaure
  6187 | D:5      | Killed Menkaure
  6187 | D:5      | Reached skill level 1 in Shields
  6187 | D:5      | Reached skill level 6 in Unarmed Combat
  6697 | D:6      | Noticed Grinder
  7040 | D:6      | Found a staircase to the Ecumenical Temple.
  7045 | Temple   | Entered the Ecumenical Temple
  7089 | Temple   | Became a worshipper of Makhleb the Destroyer
  7230 | D:6      | Reached XP level 8. HP: 54/62 MP: 11/11
  7269 | D:6      | Reached skill level 1 in Invocations
  7576 | D:6      | Reached skill level 7 in Unarmed Combat
  7869 | D:6      | Noticed Pikel
  7894 | D:6      | Killed Pikel
  7894 | D:6      | Reached skill level 5 in Fighting
  8085 | D:7      | Gained mutation: You are immune to freezing clouds.
                  | [demonic ancestry]
  8085 | D:7      | Reached XP level 9. HP: 49/70 MP: 12/12
  8365 | D:7      | Noticed a brown ugly thing
  8365 | D:7      | Noticed a white ugly thing
  8366 | D:7      | Found a corrupted altar of Lugonu.
  8366 | D:7      | Found a transporter.
  8366 | D:7      | Noticed a purple ugly thing
  8542 | D:7      | Reached skill level 8 in Unarmed Combat
  8598 | D:7      | Reached * piety under Makhleb
  8670 | D:7      | Noticed Duvessa
  8736 | D:7      | Noticed Dowan
  8775 | D:7      | Killed Duvessa
  8787 | D:7      | Killed Dowan
  8795 | D:7      | Noticed Maggie
  8865 | D:7      | Killed Maggie
  8865 | D:7      | Reached skill level 5 in Invocations
  9074 | D:7      | Found a transporter.
  9529 | D:8      | Found an opulent altar of Gozag.
  9748 | D:7      | Reached ** piety under Makhleb
  9748 | D:7      | Reached skill level 9 in Unarmed Combat
  9935 | D:8      | You fall into a shaft and drop 2 floors!
  9935 | D:10     | Entered Level 10 of the Dungeon
  9952 | D:9      | Noticed Joseph
 10067 | D:10     | Gained mutation: You are partially covered in sharp spines.
                  | [demonic ancestry]
 10067 | D:10     | Reached XP level 10. HP: 48/79 MP: 14/14
 10439 | D:9      | Killed Joseph
 10802 | D:10     | Found a staircase to the Orcish Mines.
 10812 | D:9      | Reached skill level 5 in Armour
 10871 | D:8      | Reached *** piety under Makhleb
 11000 | D:8      | Noticed Erica
 11117 | D:9      | Slain by a warg

Levels and vault maps discovered:
D:1:      dpeg_arrival_connections, layout_basic
D:2:      layout_rooms, first_ration, chequers_ecumenical_altar_simple_redux,
          grunt_ministairs_8, uniq_robin
D:3:      layout_loops_ring, led_sif_book
D:4:      layout_basic, serial_shops, shop
D:5:      layout_basic, minmay_small_thing, uniq_menkaure
D:6:      layout_basic, minmay_temple_entry_drinking_statues, st_stairs_10,
          chequers_serial_rivers_marsh, uniq_pikel, uniq_grinder
D:7:      gammafunk_corrupted_shrine, layout_basic, uniq_maggie, uniq_duvessa
D:8:      layout_basic, basic_altar, grunt_decor_fettered, uniq_erica
D:9:      layout_cave_pools, uniq_joseph
D:10:     layout_irregular_city, lair_entry_dummy, minmay_orc_entry_guard_dogs,
          serial_shops, shop_fountains
Temple:   grunt_wide_crystal_templ

Skill      XL: |  1  2  3  4  5  6  7  8  9 10 |
---------------+-------------------------------+-----
Transmutations | 2 |  2.6
Unarmed Combat | 3 4 5 6 7 9 |  9.8
Fighting       | 2 3 4 5 6 7 |  7.1
Armour         | 1 2 3 4 5 |  5.1
Shields        | 1 3 4 |  4.2
Invocations    | 3 6 7 |  7.1
Dodging        | |  1.7
Spellcasting   | |  2.0

Action                   |  1- 3 |  4- 6 |  7- 9 | 10-12 || total
-------------------------+-------+-------+-------+-------++-------
Melee: Unarmed           |   176 |   273 |   586 |   119 ||  1154
       Kick              |    17 |    54 |   153 |    23 ||   247
       Punch             |     3 |     6 |    10 |       ||    19
       Headbutt          |     4 |       |       |       ||     4
Throw: Dart              |       |    10 |    22 |     9 ||    41
       Boomerang         |       |       |    10 |       ||    10
 Cast: Beastly Appendage |    15 |     6 |       |       ||    21
Invok: Minor Destruction |       |       |       |     4 ||     4
  Use: Scroll            |       |       |    14 |     2 ||    16
       Potion            |       |       |     4 |     3 ||     7
 Stab: Sleeping          |     1 |       |       |       ||     1
  Eat: Chunk             |     3 |    12 |    11 |     5 ||    31
       Ration            |       |       |     1 |       ||     1
Armor: Robe              |    42 |     4 |       |       ||    46
       Ring mail         |       |    90 |       |       ||    90
       Scale mail        |       |       |   187 |    44 ||   231
Dodge: Dodged            |   115 |   125 |   203 |    69 ||   512
Block: Buckler           |       |       |    47 |    41 ||    88

Table legend:
 A = Non-vault XP
 B = Vault XP
 C = Vault XP percentage of total XP
 D = Non-vault monster count
 E = Vault monster count
 F = Vault count percentage of total count
                 A         B        C        D         E       F
            +---------+---------+-------+---------+---------+-------
      Total |    5965 |    2132 |  26.3 |     209 |      22 |   9.5
            +---------+---------+-------+---------+---------+-------
        D:1 |      34 |      21 |  38.2 |      22 |       4 |  15.4
        D:2 |     184 |      24 |  11.5 |      30 |      10 |  25.0
        D:3 |     153 |       0 |   0.0 |      28 |       0 |   0.0
        D:4 |     331 |       0 |   0.0 |      20 |       0 |   0.0
        D:5 |     441 |     183 |  29.3 |      13 |       1 |   7.1
        D:6 |     781 |     664 |  46.0 |      17 |       2 |  10.5
        D:7 |    1570 |     628 |  28.6 |      40 |       3 |   7.0
        D:8 |     784 |       0 |   0.0 |      18 |       0 |   0.0
        D:9 |    1353 |     612 |  31.1 |      18 |       2 |  10.0
       D:10 |     334 |       0 |   0.0 |       3 |       0 |   0.0
            +---------+---------+-------+---------+---------+-------
